 Dungeon Crawl Stone Soup version 0.28-a0-793-g31680bbd8b (webtiles) character file.

Game seed: 13829954803376815254

69 demibob the Ruffian (level 4, 0/38 HPs)
             Began as a Ghoul Monk on Nov 4, 2021.
             Slain by a gnoll (3 damage)
             ... on level 1 of the Dungeon.
             The game lasted 00:02:07 (1569 turns).

demibob the Ruffian (Ghoul Monk)                    Turns: 1569, Time: 00:02:08

Health: 0/38       AC:  2    Str: 14    XL:     4   Next: 20%
Magic:  3/3        EV: 12    Int:  5    God:
Gold:   49         SH:  0    Dex: 12    Spells: 3/3 levels left

rFire   . . .      SeeInvis +     - Unarmed
rCold   + . .      Faith    .   (no shield)
rNeg    + + +      Spirit   .   a - +0 robe
rPois   ∞          Reflect  .   (no helmet)
rElec   .          Harm     .   (no cloak)
rCorr   .          Rampage  .   (no gloves)
Will    .....                   (no boots)
Stlth   ++........              (no amulet)
HPRegen 0.00/turn               v - ring of see invisible
MPRegen 0.08/turn               (no ring)

@: inhibited regen
A: claws 1, cold resistance 1, negative energy resistance 3, inhibited
regeneration, torment resistance 2
a: no special abilities


You were on level 1 of the Dungeon.
You visited 1 branch of the dungeon, and saw 2 of its levels.

You collected 49 gold pieces.


Innate Abilities, Weirdness & Mutations

You thrive by killing the living.
You are immune to poison.
You have sharp fingernails.
Your flesh is cold resistant. (rC+)
You are immune to negative energy. (rN+++)
You do not regenerate when monsters are visible.
You are immune to unholy pain and torment.


   Skills:
 - Level 3.2 Fighting
 - Level 2.6 Dodging
 - Level 2.1 Stealth
 + Level 5.4 Unarmed Combat


You had 3 spell levels left.
You didn't know any spells.
Your spell library was empty.

Inventory:

Armour
 a - a +0 robe (worn)
Jewellery
 v - a ring of see invisible (left claw)
Scrolls
 b - a scroll of enchant armour {unknown}
 d - a scroll of enchant weapon {unknown}
 e - a scroll of noise {unknown}
 g - a scroll of amnesia {unknown}
Potions
 c - a potion of haste {unknown}
 f - a potion of curing {unknown}

Dungeon Overview and Level Annotations

Branches:
Dungeon (2/15)

Altars:

.▓.▒.▓.▒.▓.▒.▓.▒.▓.▒.▓.▒.▓.#
..▒.▒.▒.▒.▒.▒.▒.▒.▒.▒.▒.▒..#
#▓▒#▒▓▒#▒▓▒#▒▓▒#▒▓▒#▒▓▒#▒▓##
### ### ###### #.# #.#
#..#.####### #.# #.#
#..........#
###.#######.#####g##.#####.###
...............g@....# #...#
....###############..## ###.#
#####.................# #.#
#.##############..# #.#
#.#####.####♣###..# #.#
#.#.....▒▒.≈≈≈.▒▒.# #.#
#####.#.###.▒▒♣≈≈≈♣▒▒.######.#
............▒▒▒P≈♣▒▒▒.#......#
#####.#⚑####▒.▒▒≈▒▒.▒...######


You could see 2 gnolls.


Message History

You closely miss the gnoll. The gnoll hits you with a +0 club.
You claw the gnoll!
The gnoll is severely wounded.
The gnoll closely misses you. The gnoll barely misses you.
You scratch the gnoll.
The gnoll is almost dead.
The gnoll hits you with a +0 flail. The gnoll hits you with a +0 club!
You claw the gnoll!
You kill the gnoll!
You feel better. The gnoll barely misses you. The gnoll completely misses you.
You scratch the gnoll but do no damage. The gnoll hits you with a +0 club. x2
There are no items here.
There is a stone staircase leading up here.
The gnoll hits you with a +0 club.
* * * LOW HITPOINT WARNING * * *
The gnoll barely misses you.
You climb upwards.
There is a stone staircase leading down here.
You barely miss the gnoll. The gnoll hits you with a +0 club.
* * * LOW HITPOINT WARNING * * *
The gnoll barely misses you.
You scratch the gnoll. You claw the gnoll.
The gnoll is moderately wounded.
The gnoll barely misses you. x2
You claw the gnoll!
The gnoll is severely wounded.
The gnoll hits you with a +0 club!
* * * LOW HITPOINT WARNING * * *
The gnoll hits you with a +0 club.
You die...

Skill      XL: |  1  2  3 |
---------------+----------+-----
Unarmed Combat | 4 5 |  5.4
Fighting       | |  3.2
Dodging        | |  2.6
Stealth        | |  2.1

Action                   |  1- 3 |  4- 6 || total
-------------------------+-------+-------++-------
Melee: Unarmed           |    88 |    11 ||    99
       Punch             |       |     1 ||     1
 Stab: Sleeping          |     6 |       ||     6
Armor: Robe              |    14 |       ||    14
Dodge: Dodged            |    53 |    11 ||    64

Levels and vault maps discovered:
D:1:      sevenhm_arrival_forest_fort_small_4, layout_basic,
          basic_ecumenical_altar, grunt_decor_junction, roderic_roman_lattice
D:2:      layout_rooms, serial_glass, glass_columns_a, glass_columns_b,
          kennysheep_pointless_box

Notes
Turn   | Place    | Note
-------+----------+-------------------------------------------
     0 | D:1      | demibob the Ghoul Monk began the quest for the Orb.
     0 | D:1      | Reached XP level 1. HP: 19/19 MP: 0/0
    39 | D:1      | Found a faded altar of an unknown god.
   366 | D:1      | Reached XP level 2. HP: 24/26 MP: 1/1
   368 | D:1      | Reached skill level 4 in Unarmed Combat
   963 | D:1      | Reached XP level 3. HP: 20/31 MP: 2/2
  1115 | D:1      | Reached skill level 5 in Unarmed Combat
  1381 | D:1      | Reached XP level 4. HP: 37/38 MP: 3/3
  1569 | D:1      | HP: 3/38 [gnoll (7)]
  1569 | D:1      | Slain by a gnoll

Vanquished Creatures
  3 gnolls
  A dart slug (D:1)
  7 endoplasms (D:1)
  A giant cockroach (D:1)
  4 goblins (D:1)
  2 hobgoblins (D:1)
  4 jackals (D:1)
  2 kobolds (D:1)
  A quokka (D:1)
  4 ball pythons (D:1)
  3 bats (D:1)
  3 frilled lizards (D:1)
  A rat (D:1)
36 creatures vanquished.

Table legend: (Time is in decaauts)
 A = Elapsed time spent in this place.
 B = Non-inter-level travel time spent in this place.
 C = Inter-level travel time spent in this place.
 D = Time resting spent in this place.
 E = Time spent auto-exploring this place.
 F = Levels seen in this place.
 G = Mean time per level.
                   A        B        C        D        E       F      G
               +--------+--------+--------+--------+--------+-----+--------+
         Total |   1567 |   1488 |     79 |      0 |   1258 |   2 |  783.5 |
       Dungeon |   1567 |   1488 |     79 |      0 |   1258 |   2 |  783.5 |
               +--------+--------+--------+--------+--------+-----+--------+

Top non-repeatable levels by time:
     D:1: 1556 daAuts
     D:2: 11 daAuts

Table legend:
 A = Non-vault XP
 B = Vault XP
 C = Vault XP percentage of total XP
 D = Non-vault monster count
 E = Vault monster count
 F = Vault count percentage of total count
                 A         B        C        D         E       F
            +---------+---------+-------+---------+---------+-------
      Total |      99 |       0 |   0.0 |      36 |       0 |   0.0
            +---------+---------+-------+---------+---------+-------
        D:1 |      86 |       0 |   0.0 |      35 |       0 |   0.0
        D:2 |      13 |       0 |   0.0 |       1 |       0 |   0.0
            +---------+---------+-------+---------+---------+-------
